 Dungeon Crawl Stone Soup version 0.32-a0-329-ge6c3123 (webtiles) character file.

Game seed: 6693825934987136725

319 edsrzf the Conjurer (level 6, 0/66 (72) HPs)
             Began as a Mountain Dwarf Reaver on Feb 15, 2024.
             Killed by an exploding Menkaure (29 damage)
             ... ignited by their inner flame
             ... on level 4 of the Dungeon on Feb 16, 2024.
             The game lasted 00:07:22 (2724 turns).

edsrzf the Conjurer (Mountain Dwarf Reaver)         Turns: 2724, Time: 00:07:23

HP:   0/66 (72)     AC: 23    Str: 17    XL:     6   Next: 21%
MP:   12/12         EV:  2    Int: 13    God:
Gold: 155           SH:  0    Dex:  8    Spells: 12/13 levels left

rFire   . . .        (no weapon)
rCold   . . .        (no shield)
rNeg    . . .        b - melded +0 leather armour
rPois   +            (helmet currently unavailable)
rElec   .            j - melded +1 cloak
rCorr   .            (gloves currently unavailable)
SInv    .            (boots currently unavailable)
Will    .....        (no amulet)
Stlth   +            r - +5 ring of evasion
HPRegen 0.31/turn    (no ring)
MPRegen 0.13/turn

%: no passive effects
@: tree-form, attractive, drained
A: stationary, stasis, torment immunity, boosted hp, runic magic, artefact
enchanting
a: no special abilities


You were on level 4 of the Dungeon.
You were a tree.
You visited 1 branch of the dungeon, and saw 4 of its levels.

You collected 155 gold pieces.

Inventory:

Hand Weapons
 a - a +0 hand axe
Missiles
 f - 11 poisoned darts
Armour
 b - a +0 leather armour (melded)
 j - a +1 cloak (melded)
Jewellery
 r - a +5 ring of evasion (left branch)
Scrolls
 c - a scroll of identify {@r1}
 e - a scroll of immolation
 g - a scroll of fear {unknown}
 i - a scroll of noise
 k - a scroll of poison {unknown}
 o - a scroll of blinking {unknown}
 p - a scroll of enchant armour
 q - a scroll of fog {unknown}
 t - a scroll of enchant weapon {unknown}
Potions
 d - a potion of attraction
 h - a potion of enlightenment
 l - a potion of heal wounds
 s - a potion of might {unknown}


   Skills:
 - Level 2.1 Fighting
 - Level 3.6 Axes
 - Level 1.3 Dodging
 - Level 4.0 Spellcasting
 + Level 4.9 Conjurations
 + Level 0.6 Necromancy


You had 12 spell levels left.
You knew the following spells:

 Your Spells              Type           Power      Damage    Failure   Level
a - Kiss of Death         Conj/Necr      36%        2d8       7%          1

Your spell library contained the following spells:

 Spells                   Type           Power      Damage    Failure   Level
 Momentum Strike          Conj/Tloc      18%        3d8       12%         2
 Freeze                   Ice            8%         1d3       21%         1
 Hailstorm                Conj/Ice       9%         3d6       22%         3
 Frozen Ramparts          Ice            4%         1d1       52%         3


Dungeon Overview and Level Annotations

Branches:
Dungeon (4/15)
 Temple: D:4-7

Altars:
Ashenzari
Okawaru

Annotations:
D:4 Pikel


Innate Abilities, Weirdness & Mutations

You are a tree.
Your roots penetrate the ground, keeping you stationary.
You cannot be teleported.
You are immune to unholy pain and torment.
Your maximum health is greatly increased.
Your equipment is partially melded.
Your spellcasting is much less encumbered by armour.
You can use scrolls of enchantment on lesser artefacts.


Message History

The ball python is moderately wounded.
The ball python barely misses you. The ball python misses you.
You hit the ball python but do no damage.
The ball python is moderately wounded.
The ball python barely misses you. x2
You barely miss the ball python.
The ball python is moderately wounded.
The ball python misses you. The ball python completely misses you.
The ball python bites you but does no damage.
The ball python barely misses you.
You barely miss the ball python.
The ball python is moderately wounded.
The ball python misses you. The ball python grabs you.
The ball python constricts you.
You closely miss the ball python.
The ball python is moderately wounded.
The ball python completely misses you. The ball python constricts you.
You hit the ball python.
The ball python is heavily wounded.
The ball python misses you. The ball python constricts you.
The ball python closely misses you. The ball python constricts you.
You hit the ball python.
You kill the ball python!
Menkaure and a kobold come into view.
Found an escape hatch in the ceiling.
Menkaure shouts!
The kobold shouts!
You hear a shout!
You aren't carrying any items that you can evoke.
Unknown command.
There is an escape hatch in the floor here.
You start waiting.
A kobold is nearby!
The kobold closely misses you.
You completely miss the kobold. The kobold hits you but does no damage.
You miss the kobold. The kobold completely misses you. x2
You hit the kobold.
The kobold is moderately wounded.
The kobold misses you.
You hit the kobold.
You kill the kobold!
Menkaure points at you and mumbles some strange words.
Pain shoots through your body!
Things that are here:
a +0 whip; a kobold corpse You hit Menkaure but do no damage.
Menkaure casts a spell at you. Pain shoots through your body!
You barely miss Menkaure.
Pikel, Merchant of Souls comes into view.
He is wielding a +1 whip of electrocution and carrying a wand of iceblast.
You aren't carrying any items that you can evoke.
Unknown command.
Okay, then.
As you read the scroll labelled SOOM YRURI HOTU, it crumbles to dust.
It is a scroll of identify.
h - a potion of enlightenment
As you read the scroll labelled JOOZAEM AKHAB, it crumbles to dust.
The creatures around you are filled with an inner flame!
It was a scroll of immolation.
Menkaure calls on the powers of darkness!
Your body is wracked with pain!
As you read the scroll labelled MIUCKO CYTOPRE, it crumbles to dust.
You hear a loud clanging noise!
It was a scroll of noise.
You hear a shout!
You hear a bark!
You hear a shout! x4
As you read the scroll labelled ATHATO WYTESTO, it crumbles to dust.
It is a scroll of enchant armour.
Your +0 cloak glows green for a moment.
Menkaure calls on the powers of darkness!
Your body is wracked with pain!
* * * LOW HITPOINT WARNING * * *
It was a potion of attraction.
You feel attractive to monsters.
It was a potion of heal wounds.
You feel much better.
A hound comes into view.
Menkaure casts a spell.
Menkaure seems to speed up.
The hound is attracted toward you.
Okay, then.
Okay, then.
Okay, then.
Okay, then.
You aren't carrying any items that you can evoke.
Unknown command.
It was a potion of curing.
You feel better. The hound misses you. Menkaure hits you!
Pikel is attracted toward you.
It was a potion of lignification.
You turn into a tree.
Your +1 cloak melds into your body.
Your +0 leather armour melds into your body.
Your roots penetrate the ground.
The hound bites you but does no damage. Menkaure hits you.
The hound bites you but does no damage.
You are now empty-handed.
Menkaure hits you! The hound bites you but does no damage.
You hit Menkaure.
Flame seeps out of Menkaure.
Menkaure is lightly damaged.
Menkaure is engulfed in blazing flames.
Flame seeps out of Menkaure.
Menkaure hits you but does no damage. The hound bites you.
You barely miss Menkaure.
Menkaure is severely damaged.
The hound bites you but does no damage.
Menkaure is engulfed in blazing flames.
Menkaure explodes!
The fiery explosion engulfs you!!
You die...

##....###..###........
####......###........
#.....###.........
#####....###......#.
##...#..#...#......#.
###.......#...†.......#
######.#M>).................
..........#○§...............
≈......##.#♣§...............
≈..≈......#h##......(.......
≈........##K................
#≈≈......####§..............
≈≈#.....## ........###.....
#..K.## ....... .....
.≈≈≈≈.. ..# . ≈≈#≈... ## # #
#≈... #


You could see Pikel and a hound.

Vanquished Creatures
  Menkaure (D:4)
  A sky beast (D:4)
  A howler monkey (D:3)
  A bombardier beetle (D:3)
  6 adders
  2 ribbon worms
  6 orcs (D:3)
  4 bats
  6 endoplasms
  2 giant cockroaches
  3 goblins
  4 hobgoblins
  2 quokkas (D:2)
  10 ball pythons
  2 frilled lizards (D:2)
  5 kobolds
  4 rats
60 creatures vanquished.

Notes
Turn   | Place    | Note
-------+----------+-------------------------------------------
     0 | D:1      | edsrzf the Mountain Dwarf Reaver began the quest for the
                  | Orb.
     0 | D:1      | Reached XP level 1. HP: 17/17 MP: 3/3
    19 | D:1      | Reached skill level 2 in Spellcasting
    77 | D:1      | Reached skill level 3 in Conjurations
   127 | D:1      | Reached XP level 2. HP: 24/24 MP: 5/5
   841 | D:2      | Reached XP level 3. HP: 25/29 MP: 6/6
  1554 | D:2      | Reached XP level 4. HP: 25/36 MP: 8/8
  1740 | D:3      | Reached skill level 3 in Spellcasting
  1929 | D:3      | Reached skill level 4 in Conjurations
  2015 | D:3      | Upgraded the game from 0.32-a0-314-g526f7d4 to
                  | 0.32-a0-329-ge6c3123
  2104 | D:3      | Reached XP level 5. HP: 41/41 MP: 8/10
  2234 | D:3      | Found a faded altar of an unknown god.
  2344 | D:3      | Found a broken altar of Ashenzari.
  2376 | D:3      | Found a faded altar of an unknown god.
  2380 | D:3      | Found an iron altar of Okawaru.
  2519 | D:4      | Noticed a sky beast
  2527 | D:4      | Killed a sky beast
  2528 | D:4      | Reached skill level 4 in Spellcasting
  2528 | D:4      | Reached XP level 6. HP: 32/44 MP: 8/12
  2692 | D:4      | Noticed Menkaure
  2711 | D:4      | Noticed Pikel
  2714 | D:4      | Identified 2 scrolls of identify
  2714 | D:4      | Identified a potion of enlightenment
  2715 | D:4      | Identified 2 scrolls of immolation
  2716 | D:4      | Identified 2 scrolls of noise
  2717 | D:4      | Identified 2 scrolls of enchant armour
  2718 | D:4      | Identified 2 potions of attraction
  2719 | D:4      | Identified 2 potions of heal wounds
  2720 | D:4      | Identified a potion of curing
  2721 | D:4      | Identified a potion of lignification
  2724 | D:4      | Killed Menkaure
  2724 | D:4      | Killed by an exploding Menkaure... ignited by their inner
                  | flame

Illustrated notes

Levels and vault maps discovered:
D:1:      spicycebolla_green_bress_n_ham, layout_basic
D:2:      layout_basic
D:3:      layout_basic, old_standard_altar, nicolae_overflow_ecumenical_swirl,
          chequers_ecumenical_altar_simple
D:4:      layout_cave_pools, nicolae_qazlal_general_emergency, serial_shops,
          shop, uniq_menkaure, uniq_edmund, uniq_pikel

Skill      XL: |  1  2  3  4  5 |
---------------+----------------+-----
Spellcasting   | 2 3 4 |  4.0
Conjurations   | 3 4 |  4.9
Fighting       | |  2.1
Axes           | |  3.6
Dodging        | |  1.3
Necromancy     | |  0.6

Action                     |  1- 3 |  4- 6 || total
---------------------------+-------+-------++-------
  Melee: Hand axe          |   121 |   129 ||   250
         Unarmed           |       |     2 ||     2
   Cast: Kiss of Death     |       |     2 ||     2
    Use: Scroll            |       |     4 ||     4
         Potion            |       |     4 ||     4
 Armour: Leather armour    |    65 |    77 ||   142
         Skin              |       |     9 ||     9
  Dodge: Dodged            |    75 |   107 ||   182

Table legend: (Time is in decaauts)
 A = Elapsed time spent in this place.
 B = Non-inter-level travel time spent in this place.
 C = Inter-level travel time spent in this place.
 D = Time resting spent in this place.
 E = Time spent auto-exploring this place.
 F = Levels seen in this place.
 G = Mean time per level.
                   A        B        C        D        E       F      G
               +--------+--------+--------+--------+--------+-----+--------+
         Total |   2754 |   2659 |     95 |    158 |   1899 |   4 |  688.5 |
       Dungeon |   2754 |   2659 |     95 |    158 |   1899 |   4 |  688.5 |
               +--------+--------+--------+--------+--------+-----+--------+

Top non-repeatable levels by time:
     D:2: 1016 daAuts
     D:1: 795 daAuts
     D:3: 715 daAuts
     D:4: 227 daAuts
